Map: Coda LE (Void)

Players

ViBE

  • Race: Terran Terran

Bop - Winner!

  • Race: Protoss Protoss

VOD

Have the link to the VOD?

Description

Time

  • Played on: May 4, 2015, 1:27 a.m.
  • Length: 5:33
Show
View Real Time Build Order
Export as new Build Order

ViBE Terran 

Build Orders:  

Get SALT Encoding   

  12  0:00  SCV  
  13  0:13  SCV  
  14  0:18  Supply Depot  
  14  0:25  SCV  
  15  0:39  SCV  
  15  0:41  Barracks  
  16  0:53  SCV  
  17  1:05  SCV  
  18  1:17  Command Center  
  18  1:28  Orbital Command  
  18  1:30  Marine  
  19  1:48  Marine  
  19  1:51  Supply Depot  
  20  2:04  SCV  
  20  2:05  Bunker, Marine  
  22  2:15  Supply Depot  
  22  2:23  Marine  
  22  2:29  Command Center, SCV  
  24  2:34  Orbital Command  
  24  2:42  Supply Depot  
  24  2:46  SCV  
  25  2:52  Refinery x2, Marine  
  26  3:03  SCV x2  
  28  3:10  Marine  
  29  3:15  SCV x2  
  30  3:27  Barracks  
  30  3:28  Barracks  
  29  3:45  Bunker  
  29  3:52  SCV x2  
  31  3:59  Orbital Command  
  31  4:01  Barracks  
  30  4:04  SCV  
  30  4:05  Factory  
  31  4:10  Bunker  
  31  4:13  Marine  
  31  4:15  Marine x2  
  33  4:32  Marine  
  33  4:33  SCV, Marine x2  
  33  4:34  SCV  
  33  4:52  Marine  
  33  4:53  Marine x2  
  34  5:06  Marine  
  31  5:10  Marine x2  
  31  5:11  Marine  
Show
View Real Time Build Order
Export as new Build Order

Bop Protoss - Winner!

Build Orders:  

Get SALT Encoding   

  12  0:01  Probe  
  13  0:13  Probe  
  14  0:18  Pylon  
  14  0:36  Probe (Chrono Boost)  
  14  0:39  Gateway  
  15  0:48  Probe (Chrono Boost), Assimilator  
  16  0:56  Probe (Chrono Boost)  
  17  1:02  Pylon  
  17  1:05  Probe  
  18  1:17  Probe  
  19  1:27  Cybernetics Core  
  19  1:29  Probe (Chrono Boost)  
  20  1:39  Probe (Chrono Boost)  
  21  1:46  Probe  
  22  1:48  Gateway  
  22  1:58  Probe  
  23  2:02  Pylon  
  23  2:03  Adept (Chrono Boost)  
  23  2:04  Warp Gate  
  25  2:22  Nexus  
  27  2:35  Adept x2 (Chrono Boost)  
  29  2:43  Gateway  
  29  2:55  Adept  
  31  3:03  Assimilator  
  31  3:05  Probe  
  32  3:12  Adept  
  34  3:17  Gateway  
  34  3:21  Probe  
  34  3:23  Adept  
  37  3:33  Adept  
  39  3:42  Probe  
  44  4:00  Probe x2 (Chrono Boost)  
  42  4:12  Probe x2 (Chrono Boost)  
  42  4:13  Pylon  
  42  4:14  Gateway  
  42  4:16  Gateway  
  44  4:19  Probe x2 (Chrono Boost)  
  46  4:37  Stalker x4  
  50  5:00  Twilight Council  
  50  5:01  Probe (Chrono Boost), Robotics Facility  
  50  5:02  Probe (Chrono Boost)  
  52  5:11  Adept x2  
  52  5:12  Probe x2 (Chrono Boost)  
Tags
 
Add a new tag
Caveats
  • Supply blocks, unpowered buildings, or Contaminate may cause inaccurate times.
  • Supply counts are checked every 10 seconds.